Hurricanes vs Flyers

Created - March 15, 2017 at 18:01

Goals
1 2 3 OT1 T
Hurricanes 0 1 1 1 3
Flyers 2 0 0 0 2
Shots
1 2 3 OT1 T
Hurricanes 11 14 14 1 40
Flyers 8 4 2 0 14

1st period

1. Flyers , Joel Ward 28 (Andre Burakovsky, Jean-Gabriel Pageau) at 2:39
2. Flyers , Marcus Johansson 21 (Andrew MacDonald, Alexander Killorn) at 19:15 (PP)

Penalties :
Jean-Gabriel Pageau (PHI) for Hooking (Minor) at 0:11, Alexander Killorn (PHI) for Tripping (Minor) at 3:19, Michael Frolik (CAR) for Hooking (Minor) at 19:05

2nd period

3. Hurricanes , Dustin Byfuglien 5 (Leo Komarov, Jordan Oesterle) at 6:20

Penalties :
Marcus Johansson (PHI) for Hooking (Minor) at 0:12, Jean-Gabriel Pageau (PHI) for High sticking (Minor) at 10:34

3rd period

4. Hurricanes , Bryan Little 39 (Zach Parise) at 9:04

Penalties :
Matt Hendricks (PHI) for Hooking (Minor) at 6:06, Ron Hainsey (CAR) for Hooking (Minor) at 16:46

Overtime #1

5. Hurricanes , Bryan Little 40 (Ron Hainsey, Brad Richardson) at 0:23

Penalties :
No Penalty

Goalie Stats

Frederik Andersen (CAR), 12 saves from 14 shots - (0.857), W, 26-20-5, 60:24 minutes
Chad Johnson (PHI), 37 saves from 40 shots - (0.925), OTL, 16-5-3, 60:24 minutes

Players Stats for Hurricanes

Player Name              G  A  P  +/- PIM S  H  SB GA TA FO     MP     PP MP  PK MP  
------------------------------------------------------------------------------------
Alex Chiasson            0  0  0   0  0   2  0  0  0  0  0/0     7:08   0:36   0:52 
Brad Richardson          0  1  1  -1  0   1  0  0  0  0  5/11   11:54   0:00   0:52 
Brian Boyle              0  0  0   0  0   1  1  0  0  0  5/10    6:47   0:53   1:17 
Brian Dumoulin           0  0  0  -1  0   0  0  0  0  0  0/0    10:15   0:00   1:16 
Brian Strait             0  0  0   0  0   0  0  1  0  0  0/0     5:38   0:00   0:55 
Bryan Little             2  0  2   1  0   4  0  0  0  0  16/27  24:01   6:13   0:00 
Carl Hagelin             0  0  0  -1  0   3  0  1  0  0  0/1    10:42   0:00   0:00 
Dustin Byfuglien         1  0  1   2  0   2  2  2  0  0  0/0    24:56   4:51   1:22 
Jamie McGinn             0  0  0   1  0   2  2  0  0  0  0/0    19:47   5:37   0:00 
Jordan Oesterle          0  1  1   2  0   0  0  0  0  0  0/0    22:34   4:11   0:00 
Keith Yandle             0  0  0   0  0   0  1  0  0  0  0/0    21:46   5:44   0:11 
Kyle Quincey             0  0  0  -1  0   2  1  1  0  0  0/0    15:03   0:53   0:24 
Lee Stempniak            0  0  0   1  0   2  0  0  0  0  1/2    16:30   0:00   1:17 
Leo Komarov              0  1  1   1  0   5  1  0  0  0  8/21   18:02   2:49   0:00 
Michael Frolik           0  0  0   1  2   3  1  0  0  0  2/5    21:09   3:42   0:00 
Nick Foligno             0  0  0  -1  0   5  2  0  0  0  0/2    19:01   3:42   0:00 
Ron Hainsey              0  1  1   0  2   1  1  1  0  0  0/0    20:35   4:11   0:10 
Zach Parise              0  1  1   1  0   7  3  0  0  0  0/0    23:37   6:13   0:00 

Players Stats for Flyers

Player Name              G  A  P  +/- PIM S  H  SB GA TA FO     MP     PP MP  PK MP  
------------------------------------------------------------------------------------
Alexander Killorn        0  1  1  -2  2   2  1  0  0  0  0/0    18:18   1:29   1:01 
Andre Burakovsky         0  1  1   1  0   0  0  0  0  0  1/1    16:53   0:40   0:00 
Andrew MacDonald         0  1  1   0  0   0  1  2  0  0  0/0    17:20   0:42   0:00 
Ben Hutton               0  0  0   0  0   0  1  0  0  0  0/0    17:25   1:29   0:00 
Brian Gionta             0  0  0   0  0   0  1  0  0  0  1/2    12:31   0:40   4:50 
Brooks Orpik             0  0  0  -1  0   0  6  3  0  0  0/0    22:11   0:47   5:14 
Calle Jarnkrok           0  0  0  -2  0   3  0  0  0  0  10/20  20:15   0:00   4:50 
Casey Cizikas            0  0  0   0  0   0  0  0  0  0  16/21  17:02   0:00   5:05 
Chris VandeVelde         0  0  0   0  0   1  0  0  0  0  4/7     4:21   0:00   0:00 
Clayton Stoner           0  0  0   0  0   0  4  2  0  0  0/0    14:13   0:00   4:41 
Dan Boyle                0  0  0   0  0   0  0  0  0  0  0/0    21:35   0:40   4:41 
Jean-Gabriel Pageau      0  1  1   1  4   0  1  1  0  0  7/22   16:55   0:40   0:00 
Joel Ward                1  0  1   1  0   3  3  0  0  0  0/0    16:53   0:40   0:00 
Jonathan Ericsson        0  0  0  -1  0   1  2  0  0  0  0/0    21:20   0:00   5:14 
Marcus Johansson         1  0  1  -2  2   1  0  0  0  0  1/4    17:13   1:29   0:00 
Matt Hendricks           0  0  0   0  2   0  2  0  0  0  0/0    16:00   0:00   4:04 
Ryan White               0  0  0   0  0   0  1  0  0  0  0/0     4:21   0:00   0:00 
Shawn Matthias           0  0  0   0  0   3  0  0  0  0  2/2    16:50   1:29   0:00 

3 Stars

1 - Bryan Little (CAR)
2 - Dustin Byfuglien (CAR)
3 - Joel Ward (PHI)

Power Play

Hurricanes - 0 on 5 Attempt(s) - 0.00%
Flyers - 1 on 2 Attempt(s) - 50.00%

Penalty Kill

Hurricanes - 1 on 2 Attempt(s) - 50.00% - Score 0 goal in Penalty Kill
Flyers - 5 on 5 Attempt(s) - 100.00% - Score 0 goal in Penalty Kill

Team Stat

Hurricanes - Hits : 15 - Faceoff Wins : 37 - Blocked Shots : 6 - Penalty Minutes : 4
Flyers - Hits : 23 - Faceoff Wins : 42 - Blocked Shots : 8 - Penalty Minutes : 10

Official

Referees : Dave Lewis and Steve Kozari
Linesman : Andy McElman and Pierre Racicot

Game Notes

No Game Note

Finance

Level 1 -- Attendance: 6457 (99.34%) -- Ticket Income $652,157
Level 2 -- Attendance: 3542 (70.84%) -- Ticket Income $279,818
Level 3 -- Attendance: 3375 (96.43%) -- Ticket Income $151,875
Level 4 -- Attendance: 2853 (80.66%) -- Ticket Income $28,530
Luxury Box -- Attendance: 833 (83.30%) -- Ticket Income $178,262
Game was played at the Wells Fargo Center.
Total Attendance: 17060 (87.32%)
Total Ticket Income: $1,290,642
Other Income: $193,596
Total Income: $1,484,238

% Time on Ice - Hurricanes

Lines # - Real PCT - Wanted PCT - Time Play
Normal Forward
1 - 36% - 36% - 17:24
2 - 32% - 31% - 15:13
3 - 22% - 22% - 10:42
4 - 10% - 11% - 4:37
Normal Defense
1 - 38% - 38% - 18:23
2 - 33% - 31% - 15:51
3 - 19% - 20% - 8:59
4 - 10% - 11% - 4:43
PP Forward
1 - 63% - 55% - 6:13
2 - 37% - 45% - 3:42
PP Defense
1 - 58% - 58% - 5:44
2 - 42% - 42% - 4:11
PK Forward
1 - 60% - 54% - 1:17
2 - 40% - 46% - 0:52
PK Defense
1 - 19% - 57% - 0:24
2 - 81% - 43% - 1:45
PK3 Forward
1 - 0% - 54%
2 - 0% - 46%
PK3 Defense
1 - 0% - 57%
2 - 0% - 43%
44 Forward
1 - 0% - 50%
2 - 0% - 50%
44 Defense
1 - 0% - 57%
2 - 0% - 43%
Last Minute Offensive  - 0:00
Last Minute Defensive  - 0:00
Total
Forward - 60:00
Defense - 60:00

% Time on Ice - Flyers

Lines # - Real PCT - Wanted PCT - Time Play
Normal Forward
1 - 34% - 32% - 16:13
2 - 32% - 32% - 15:25
3 - 25% - 24% - 11:57
4 - 9% - 12% - 4:21
Normal Defense
1 - 34% - 32% - 16:14
2 - 34% - 32% - 16:06
3 - 20% - 21% - 9:32
4 - 13% - 15% - 6:04
PP Forward
1 - 31% - 50% - 0:40
2 - 69% - 50% - 1:29
PP Defense
1 - 69% - 55% - 1:29
2 - 31% - 45% - 0:40
PK Forward
1 - 49% - 50% - 4:50
2 - 51% - 50% - 5:05
PK Defense
1 - 53% - 55% - 5:14
2 - 47% - 45% - 4:41
PK3 Forward
1 - 0% - 50%
2 - 0% - 50%
PK3 Defense
1 - 0% - 55%
2 - 0% - 45%
44 Forward
1 - 0% - 55%
2 - 0% - 45%
44 Defense
1 - 0% - 55%
2 - 0% - 45%
Last Minute Offensive  - 0:00
Last Minute Defensive  - 0:00
Total
Forward - 60:00
Defense - 60:00

Play by Play

1st period


0:01 of 1st period - Bryan Little wins face-off versus Jean-Gabriel Pageau in neutral zone.
0:01 of 1st period - Michael Frolik is hit by Joel Ward and loses puck.
0:11 of 1st period - Minor Penalty to Jean-Gabriel Pageau for Hooking.
0:12 of 1st period - Calle Jarnkrok wins face-off versus Bryan Little in Flyers zone.
0:12 of 1st period - Calle Jarnkrok is hit by Jamie McGinn.
0:44 of 1st period - Shot by Zach Parise.
0:44 of 1st period - Stopped by Chad Johnson with a rebound.
1:07 of 1st period - Casey Cizikas is hit by Dustin Byfuglien and loses puck.
1:16 of 1st period - Shot by Casey Cizikas.
1:16 of 1st period - Shot Misses the Net.
1:54 of 1st period - Shot by Nick Foligno.
1:54 of 1st period - Stopped by Chad Johnson without a rebound.
1:55 of 1st period - Casey Cizikas wins face-off versus Leo Komarov in Flyers zone.
2:39 of 1st period - Shot by Joel Ward.
2:39 of 1st period - Goal by Joel Ward - Hurricanes : 0 - Flyers : 1.
2:40 of 1st period - Leo Komarov wins face-off versus Casey Cizikas in neutral zone.
2:54 of 1st period - Lee Stempniak is hit by Brooks Orpik and loses puck.
2:57 of 1st period - Shot by Leo Komarov.
2:57 of 1st period - Stopped by Chad Johnson with a rebound.
2:59 of 1st period - Shot by Leo Komarov.
2:59 of 1st period - Stopped by Chad Johnson without a rebound.
3:00 of 1st period - Calle Jarnkrok wins face-off versus Bryan Little in Flyers zone.
3:15 of 1st period - Shot by Marcus Johansson.
3:15 of 1st period - Shot Misses the Net.
3:19 of 1st period - Minor Penalty to Alexander Killorn for Tripping.
3:20 of 1st period - Casey Cizikas wins face-off versus Leo Komarov in Flyers zone.
4:48 of 1st period - Shot by Bryan Little.
4:48 of 1st period - Shot Misses the Net.
5:24 of 1st period - Shot by Zach Parise.
5:24 of 1st period - Shot Blocked by Jean-Gabriel Pageau.
5:32 of 1st period - Shot by Joel Ward.
5:32 of 1st period - Shot Blocked by Brian Strait.
5:34 of 1st period - Shot by Joel Ward.
5:34 of 1st period - Stopped by Frederik Andersen without a rebound.
5:35 of 1st period - Chris VandeVelde wins face-off versus Nick Foligno in Hurricanes zone.
5:50 of 1st period - Shot by Kyle Quincey.
5:50 of 1st period - Shot Misses the Net.
5:52 of 1st period - Shot by Brian Dumoulin.
5:52 of 1st period - Shot Misses the Net.
5:54 of 1st period - Shot by Alex Chiasson.
5:54 of 1st period - Shot Blocked by Andrew MacDonald.
6:08 of 1st period - Shot by Brian Boyle.
6:08 of 1st period - Stopped by Chad Johnson without a rebound.
6:09 of 1st period - Calle Jarnkrok wins face-off versus Leo Komarov in Flyers zone.
7:15 of 1st period - Shot by Zach Parise.
7:15 of 1st period - Stopped by Chad Johnson without a rebound.
7:16 of 1st period - Casey Cizikas wins face-off versus Brad Richardson in Flyers zone.
7:44 of 1st period - Shot by Shawn Matthias.
7:44 of 1st period - Stopped by Frederik Andersen without a rebound.
7:45 of 1st period - Bryan Little wins face-off versus Jean-Gabriel Pageau in Hurricanes zone.
7:56 of 1st period - Shot by Bryan Little.
7:56 of 1st period - Shot Misses the Net.
8:50 of 1st period - Icing by Ron Hainsey.
8:51 of 1st period - Calle Jarnkrok wins face-off versus Leo Komarov in Hurricanes zone.
9:10 of 1st period - Icing by Ron Hainsey.
9:11 of 1st period - Casey Cizikas wins face-off versus Leo Komarov in Hurricanes zone.
9:27 of 1st period - Shot by Lee Stempniak.
9:27 of 1st period - Deflect By Jamie McGinn.
9:27 of 1st period - Shot Misses the Net.
9:47 of 1st period - Shot by Michael Frolik.
9:47 of 1st period - Stopped by Chad Johnson with a rebound.
9:55 of 1st period - Shot by Bryan Little.
9:55 of 1st period - Shot Blocked by Clayton Stoner.
10:05 of 1st period - Shot by Zach Parise.
10:05 of 1st period - Shot Misses the Net.
10:53 of 1st period - Shot by Alexander Killorn.
10:53 of 1st period - Shot Misses the Net.
11:01 of 1st period - Shot by Alexander Killorn.
11:01 of 1st period - Stopped by Frederik Andersen without a rebound.
11:02 of 1st period - Jean-Gabriel Pageau wins face-off versus Leo Komarov in Hurricanes zone.
11:21 of 1st period - Shot by Leo Komarov.
11:21 of 1st period - Stopped by Chad Johnson without a rebound.
11:22 of 1st period - Calle Jarnkrok wins face-off versus Brian Boyle in Flyers zone.
11:27 of 1st period - Shot by Nick Foligno.
11:27 of 1st period - Stopped by Chad Johnson without a rebound.
11:28 of 1st period - Bryan Little wins face-off versus Calle Jarnkrok in Flyers zone.
11:30 of 1st period - Zach Parise is hit by Brooks Orpik and loses puck.
12:04 of 1st period - Bryan Little is hit by Brooks Orpik and loses puck.
12:14 of 1st period - Zach Parise is hit by Brooks Orpik and loses puck.
12:35 of 1st period - Shot by Leo Komarov.
12:35 of 1st period - Shot Misses the Net.
12:43 of 1st period - Shot by Dan Boyle.
12:43 of 1st period - Shot Misses the Net.
12:49 of 1st period - Shot by Andre Burakovsky.
12:49 of 1st period - Shot Misses the Net.
13:25 of 1st period - Shot by Carl Hagelin.
13:25 of 1st period - Stopped by Chad Johnson without a rebound.
13:26 of 1st period - Brian Boyle wins face-off versus Chris VandeVelde in Flyers zone.
13:33 of 1st period - Shot by Brian Boyle.
13:33 of 1st period - Shot Misses the Net.
14:02 of 1st period - Shot by Alex Chiasson.
14:02 of 1st period - Shot Misses the Net.
14:50 of 1st period - Shot by Alexander Killorn.
14:50 of 1st period - Shot Blocked by Ron Hainsey.
14:54 of 1st period - Shot by Marcus Johansson.
14:54 of 1st period - Shot Misses the Net.
14:56 of 1st period - Shot by Calle Jarnkrok.
14:56 of 1st period - Stopped by Frederik Andersen without a rebound.
14:57 of 1st period - Leo Komarov wins face-off versus Jean-Gabriel Pageau in Hurricanes zone.
15:17 of 1st period - Off-side.
15:18 of 1st period - Brad Richardson wins face-off versus Casey Cizikas in neutral zone.
15:40 of 1st period - Brad Richardson is hit by Clayton Stoner and loses puck.
15:49 of 1st period - Shot by Brad Richardson.
15:49 of 1st period - Stopped by Chad Johnson without a rebound.
15:50 of 1st period - Bryan Little wins face-off versus Jean-Gabriel Pageau in Flyers zone.
16:15 of 1st period - Zach Parise is hit by Joel Ward and loses puck.
16:22 of 1st period - Dan Boyle is hit by Zach Parise and loses puck.
17:18 of 1st period - Shot by Alexander Killorn.
17:18 of 1st period - Shot Misses the Net.
17:20 of 1st period - Shot by Calle Jarnkrok.
17:20 of 1st period - Stopped by Frederik Andersen without a rebound.
17:21 of 1st period - Shawn Matthias wins face-off versus Brad Richardson in Hurricanes zone.
17:21 of 1st period - Shawn Matthias is hit by Kyle Quincey.
18:44 of 1st period - Shot by Alexander Killorn.
18:44 of 1st period - Shot Blocked by Kyle Quincey.
18:46 of 1st period - Shot by Jonathan Ericsson.
18:46 of 1st period - Stopped by Frederik Andersen without a rebound.
18:47 of 1st period - Bryan Little wins face-off versus Jean-Gabriel Pageau in Hurricanes zone.
19:05 of 1st period - Minor Penalty to Michael Frolik for Hooking.
19:06 of 1st period - Shawn Matthias wins face-off versus Brian Boyle in Hurricanes zone.
19:15 of 1st period - Shot by Andrew MacDonald.
19:15 of 1st period - Deflect By Marcus Johansson.
19:15 of 1st period - Goal by Marcus Johansson - Hurricanes : 0 - Flyers : 2.
19:16 of 1st period - Jean-Gabriel Pageau wins face-off versus Michael Frolik in neutral zone.
19:52 of 1st period - Shot by Bryan Little.
19:52 of 1st period - Deflect By Zach Parise.
19:52 of 1st period - Shot Misses the Net.
Goals for this period are 0 for Hurricanes vs 2 for Flyers.
Shots for this period are 11 for Hurricanes vs 8 for Flyers.

2nd period


0:01 of 2nd period - Calle Jarnkrok wins face-off versus Leo Komarov in neutral zone.
0:12 of 2nd period - Minor Penalty to Marcus Johansson for Hooking.
0:13 of 2nd period - Casey Cizikas wins face-off versus Bryan Little in Flyers zone.
0:25 of 2nd period - Bryan Little is hit by Clayton Stoner and loses puck.
0:58 of 2nd period - Dustin Byfuglien is hit by Matt Hendricks and loses puck.
1:25 of 2nd period - Icing by Dustin Byfuglien.
1:26 of 2nd period - Calle Jarnkrok wins face-off versus Bryan Little in Hurricanes zone.
2:13 of 2nd period - Icing by Brooks Orpik.
2:14 of 2nd period - Brian Boyle wins face-off versus Jean-Gabriel Pageau in Flyers zone.
2:14 of 2nd period - Brian Boyle is hit by Ben Hutton.
2:24 of 2nd period - Shot by Brian Boyle.
2:24 of 2nd period - Deflect By Nick Foligno.
2:24 of 2nd period - Stopped by Chad Johnson with a rebound.
2:32 of 2nd period - Shot by Nick Foligno.
2:32 of 2nd period - Stopped by Chad Johnson with a rebound.
2:34 of 2nd period - Shot by Kyle Quincey.
2:34 of 2nd period - Stopped by Chad Johnson with a rebound.
2:36 of 2nd period - Shot by Alex Chiasson.
2:36 of 2nd period - Shot Misses the Net.
2:38 of 2nd period - Shot by Alex Chiasson.
2:38 of 2nd period - Stopped by Chad Johnson without a rebound.
2:39 of 2nd period - Casey Cizikas wins face-off versus Brad Richardson in Flyers zone.
2:46 of 2nd period - Carl Hagelin is hit by Matt Hendricks and loses puck.
4:07 of 2nd period - Jordan Oesterle is hit by Alexander Killorn and loses puck.
4:22 of 2nd period - Shot by Alexander Killorn.
4:22 of 2nd period - Stopped by Frederik Andersen without a rebound.
4:23 of 2nd period - Bryan Little wins face-off versus Jean-Gabriel Pageau in Hurricanes zone.
4:30 of 2nd period - Shot by Bryan Little.
4:30 of 2nd period - Shot Misses the Net.
4:55 of 2nd period - Shot by Bryan Little.
4:55 of 2nd period - Shot Misses the Net.
5:30 of 2nd period - Shot by Marcus Johansson.
5:30 of 2nd period - Deflect By Calle Jarnkrok.
5:30 of 2nd period - Shot Misses the Net.
6:18 of 2nd period - Shot by Leo Komarov.
6:18 of 2nd period - Shot Misses the Net.
6:20 of 2nd period - Shot by Dustin Byfuglien.
6:20 of 2nd period - Goal by Dustin Byfuglien - Hurricanes : 1 - Flyers : 2.
6:21 of 2nd period - Chris VandeVelde wins face-off versus Brian Boyle in neutral zone.
7:00 of 2nd period - Shot by Chris VandeVelde.
7:00 of 2nd period - Stopped by Frederik Andersen without a rebound.
7:01 of 2nd period - Jean-Gabriel Pageau wins face-off versus Bryan Little in Hurricanes zone.
7:01 of 2nd period - Andre Burakovsky is hit by Keith Yandle.
7:09 of 2nd period - Shot by Joel Ward.
7:09 of 2nd period - Deflect By Andre Burakovsky.
7:09 of 2nd period - Shot Misses the Net.
7:42 of 2nd period - Shot by Zach Parise.
7:42 of 2nd period - Shot Blocked by Clayton Stoner.
8:24 of 2nd period - Jamie McGinn is hit by Brooks Orpik and loses puck.
8:32 of 2nd period - Jamie McGinn is hit by Jonathan Ericsson and loses puck.
8:55 of 2nd period - Shot by Marcus Johansson.
8:55 of 2nd period - Shot Misses the Net.
9:03 of 2nd period - Shot by Alexander Killorn.
9:03 of 2nd period - Shot Blocked by Dustin Byfuglien.
9:14 of 2nd period - Alexander Killorn is hit by Dustin Byfuglien and loses puck.
9:58 of 2nd period - Ron Hainsey is hit by Brian Gionta and loses puck.
10:13 of 2nd period - Shot by Michael Frolik.
10:13 of 2nd period - Stopped by Chad Johnson with a rebound.
10:33 of 2nd period - Brad Richardson is hit by Jean-Gabriel Pageau and loses puck.
10:34 of 2nd period - Minor Penalty to Jean-Gabriel Pageau for High sticking.
10:35 of 2nd period - Casey Cizikas wins face-off versus Michael Frolik in Flyers zone.
11:01 of 2nd period - Icing by Brian Boyle.
11:02 of 2nd period - Brian Gionta wins face-off versus Brian Boyle in Hurricanes zone.
11:05 of 2nd period - Shot by Calle Jarnkrok.
11:05 of 2nd period - Deflect By Brian Gionta.
11:05 of 2nd period - Shot Misses the Net.
11:27 of 2nd period - Off-side.
11:28 of 2nd period - Casey Cizikas wins face-off versus Bryan Little in neutral zone.
11:45 of 2nd period - Shot by Zach Parise.
11:45 of 2nd period - Stopped by Chad Johnson without a rebound.
11:46 of 2nd period - Bryan Little wins face-off versus Casey Cizikas in Flyers zone.
12:45 of 2nd period - Shot by Carl Hagelin.
12:45 of 2nd period - Stopped by Chad Johnson without a rebound.
12:46 of 2nd period - Jean-Gabriel Pageau wins face-off versus Leo Komarov in Flyers zone.
12:56 of 2nd period - Off-side.
12:57 of 2nd period - Marcus Johansson wins face-off versus Brad Richardson in neutral zone.
14:24 of 2nd period - Shot by Michael Frolik.
14:24 of 2nd period - Stopped by Chad Johnson without a rebound.
14:25 of 2nd period - Jean-Gabriel Pageau wins face-off versus Lee Stempniak in Flyers zone.
14:25 of 2nd period - Jean-Gabriel Pageau is hit by Jamie McGinn.
14:35 of 2nd period - Shot by Joel Ward.
14:35 of 2nd period - Stopped by Frederik Andersen without a rebound.
14:36 of 2nd period - Leo Komarov wins face-off versus Chris VandeVelde in Hurricanes zone.
14:36 of 2nd period - Dustin Byfuglien is hit by Ryan White and loses puck.
14:47 of 2nd period - Shot by Shawn Matthias.
14:47 of 2nd period - Stopped by Frederik Andersen with a rebound.
14:49 of 2nd period - Shot by Chris VandeVelde.
14:49 of 2nd period - Shot Misses the Net.
14:59 of 2nd period - Shot by Ryan White.
14:59 of 2nd period - Shot Misses the Net.
15:01 of 2nd period - Shot by Shawn Matthias.
15:01 of 2nd period - Shot Misses the Net.
15:03 of 2nd period - Shot by Chris VandeVelde.
15:03 of 2nd period - Shot Misses the Net.
15:19 of 2nd period - Shot by Lee Stempniak.
15:19 of 2nd period - Stopped by Chad Johnson without a rebound.
15:20 of 2nd period - Bryan Little wins face-off versus Jean-Gabriel Pageau in Flyers zone.
15:37 of 2nd period - Shot by Michael Frolik.
15:37 of 2nd period - Shot Misses the Net.
15:39 of 2nd period - Shot by Bryan Little.
15:39 of 2nd period - Shot Misses the Net.
15:41 of 2nd period - Shot by Ron Hainsey.
15:41 of 2nd period - Shot Blocked by Andrew MacDonald.
15:43 of 2nd period - Shot by Michael Frolik.
15:43 of 2nd period - Shot Misses the Net.
16:16 of 2nd period - Icing by Joel Ward.
16:17 of 2nd period - Andre Burakovsky wins face-off versus Brian Boyle in Flyers zone.
16:17 of 2nd period - Andre Burakovsky is hit by Brian Boyle.
16:50 of 2nd period - Icing by Andrew MacDonald.
16:51 of 2nd period - Leo Komarov wins face-off versus Jean-Gabriel Pageau in Flyers zone.
17:01 of 2nd period - Icing by Andrew MacDonald.
17:02 of 2nd period - Michael Frolik wins face-off versus Jean-Gabriel Pageau in Flyers zone.
17:33 of 2nd period - Shot by Bryan Little.
17:33 of 2nd period - Stopped by Chad Johnson without a rebound.
17:34 of 2nd period - Casey Cizikas wins face-off versus Leo Komarov in Flyers zone.
18:38 of 2nd period - Shot by Zach Parise.
18:38 of 2nd period - Shot Misses the Net.
18:40 of 2nd period - Shot by Michael Frolik.
18:40 of 2nd period - Shot Misses the Net.
18:42 of 2nd period - Shot by Bryan Little.
18:42 of 2nd period - Stopped by Chad Johnson without a rebound.
18:43 of 2nd period - Brad Richardson wins face-off versus Calle Jarnkrok in Flyers zone.
19:08 of 2nd period - Icing by Keith Yandle.
19:09 of 2nd period - Chris VandeVelde wins face-off versus Brad Richardson in Hurricanes zone.
19:13 of 2nd period - Icing by Ron Hainsey.
19:14 of 2nd period - Brad Richardson wins face-off versus Jean-Gabriel Pageau in Hurricanes zone.
19:23 of 2nd period - Shot by Brad Richardson.
19:23 of 2nd period - Deflect By Carl Hagelin.
19:23 of 2nd period - Stopped by Chad Johnson without a rebound.
19:24 of 2nd period - Bryan Little wins face-off versus Calle Jarnkrok in Flyers zone.
19:33 of 2nd period - Shot by Zach Parise.
19:33 of 2nd period - Shot Misses the Net.
19:35 of 2nd period - Shot by Michael Frolik.
19:35 of 2nd period - Shot Blocked by Brooks Orpik.
19:51 of 2nd period - Shot by Alexander Killorn.
19:51 of 2nd period - Shot Misses the Net.
19:57 of 2nd period - Shot by Dustin Byfuglien.
19:57 of 2nd period - Stopped by Chad Johnson without a rebound.
19:58 of 2nd period - Casey Cizikas wins face-off versus Leo Komarov in Flyers zone.
Goals for this period are 1 for Hurricanes vs 0 for Flyers.
Shots for this period are 14 for Hurricanes vs 4 for Flyers.

3rd period


0:01 of 3rd period - Casey Cizikas wins face-off versus Bryan Little in neutral zone.
0:10 of 3rd period - Shot by Zach Parise.
0:10 of 3rd period - Stopped by Chad Johnson without a rebound.
0:11 of 3rd period - Leo Komarov wins face-off versus Calle Jarnkrok in Flyers zone.
0:24 of 3rd period - Shot by Jamie McGinn.
0:24 of 3rd period - Deflect By Lee Stempniak.
0:24 of 3rd period - Shot Misses the Net.
0:26 of 3rd period - Shot by Leo Komarov.
0:26 of 3rd period - Shot Misses the Net.
0:40 of 3rd period - Shot by Calle Jarnkrok.
0:40 of 3rd period - Stopped by Frederik Andersen without a rebound.
0:41 of 3rd period - Michael Frolik wins face-off versus Casey Cizikas in Hurricanes zone.
1:07 of 3rd period - Shot by Zach Parise.
1:07 of 3rd period - Stopped by Chad Johnson without a rebound.
1:08 of 3rd period - Leo Komarov wins face-off versus Calle Jarnkrok in Flyers zone.
1:15 of 3rd period - Shot by Leo Komarov.
1:15 of 3rd period - Shot Misses the Net.
1:17 of 3rd period - Shot by Jamie McGinn.
1:17 of 3rd period - Shot Hit the Post.
1:29 of 3rd period - Shot by Leo Komarov.
1:29 of 3rd period - Shot Misses the Net.
1:47 of 3rd period - Shot by Jamie McGinn.
1:47 of 3rd period - Shot Misses the Net.
2:17 of 3rd period - Off-side.
2:18 of 3rd period - Casey Cizikas wins face-off versus Brad Richardson in neutral zone.
2:39 of 3rd period - Shot by Casey Cizikas.
2:39 of 3rd period - Shot Blocked by Carl Hagelin.
3:00 of 3rd period - Off-side.
3:01 of 3rd period - Jean-Gabriel Pageau wins face-off versus Bryan Little in neutral zone.
3:17 of 3rd period - Shot by Michael Frolik.
3:17 of 3rd period - Shot Misses the Net.
3:23 of 3rd period - Shot by Zach Parise.
3:23 of 3rd period - Stopped by Chad Johnson without a rebound.
3:24 of 3rd period - Calle Jarnkrok wins face-off versus Leo Komarov in Flyers zone.
4:47 of 3rd period - Shot by Michael Frolik.
4:47 of 3rd period - Shot Blocked by Brooks Orpik.
4:49 of 3rd period - Shot by Zach Parise.
4:49 of 3rd period - Shot Misses the Net.
4:56 of 3rd period - Icing by Jonathan Ericsson.
4:57 of 3rd period - Brian Boyle wins face-off versus Jean-Gabriel Pageau in Flyers zone.
5:28 of 3rd period - Shot by Chris VandeVelde.
5:28 of 3rd period - Deflect By Shawn Matthias.
5:28 of 3rd period - Stopped by Frederik Andersen without a rebound.
5:29 of 3rd period - Bryan Little wins face-off versus Casey Cizikas in Hurricanes zone.
6:06 of 3rd period - Minor Penalty to Matt Hendricks for Hooking.
6:07 of 3rd period - Leo Komarov wins face-off versus Calle Jarnkrok in Flyers zone.
6:10 of 3rd period - Shot by Leo Komarov.
6:10 of 3rd period - Stopped by Chad Johnson without a rebound.
6:11 of 3rd period - Calle Jarnkrok wins face-off versus Leo Komarov in Flyers zone.
7:18 of 3rd period - Shot by Jamie McGinn.
7:18 of 3rd period - Stopped by Chad Johnson without a rebound.
7:19 of 3rd period - Bryan Little wins face-off versus Brian Gionta in Flyers zone.
7:20 of 3rd period - Shot by Zach Parise.
7:20 of 3rd period - Stopped by Chad Johnson without a rebound.
7:21 of 3rd period - Bryan Little wins face-off versus Calle Jarnkrok in Flyers zone.
7:30 of 3rd period - Shot by Bryan Little.
7:30 of 3rd period - Shot Misses the Net.
8:16 of 3rd period - Icing by Brian Dumoulin.
8:17 of 3rd period - Brad Richardson wins face-off versus Chris VandeVelde in Hurricanes zone.
8:26 of 3rd period - Shot by Nick Foligno.
8:26 of 3rd period - Shot Misses the Net.
8:28 of 3rd period - Shot by Kyle Quincey.
8:28 of 3rd period - Stopped by Chad Johnson without a rebound.
8:29 of 3rd period - Brian Boyle wins face-off versus Jean-Gabriel Pageau in Flyers zone.
8:58 of 3rd period - Shot by Alex Chiasson.
8:58 of 3rd period - Stopped by Chad Johnson without a rebound.
8:59 of 3rd period - Bryan Little wins face-off versus Calle Jarnkrok in Flyers zone.
9:04 of 3rd period - Shot by Bryan Little.
9:04 of 3rd period - Goal by Bryan Little - Hurricanes : 2 - Flyers : 2.
9:05 of 3rd period - Calle Jarnkrok wins face-off versus Bryan Little in neutral zone.
9:07 of 3rd period - Off-side.
9:08 of 3rd period - Bryan Little wins face-off versus Calle Jarnkrok in neutral zone.
9:11 of 3rd period - Shot by Michael Frolik.
9:11 of 3rd period - Shot Blocked by Brooks Orpik.
9:13 of 3rd period - Shot by Dustin Byfuglien.
9:13 of 3rd period - Shot Hit the Post.
9:18 of 3rd period - Icing by Brooks Orpik.
9:19 of 3rd period - Leo Komarov wins face-off versus Calle Jarnkrok in Flyers zone.
9:24 of 3rd period - Shot by Jamie McGinn.
9:24 of 3rd period - Stopped by Chad Johnson with a rebound.
9:26 of 3rd period - Shot by Ron Hainsey.
9:26 of 3rd period - Stopped by Chad Johnson with a rebound.
9:43 of 3rd period - Lee Stempniak is hit by Jonathan Ericsson and loses puck.
9:46 of 3rd period - Shot by Leo Komarov.
9:46 of 3rd period - Shot Misses the Net.
9:48 of 3rd period - Shot by Ron Hainsey.
9:48 of 3rd period - Shot Misses the Net.
9:50 of 3rd period - Shot by Leo Komarov.
9:50 of 3rd period - Stopped by Chad Johnson without a rebound.
9:51 of 3rd period - Casey Cizikas wins face-off versus Bryan Little in Flyers zone.
9:51 of 3rd period - Casey Cizikas is hit by Zach Parise.
10:11 of 3rd period - Matt Hendricks is hit by Zach Parise.
10:12 of 3rd period - Icing by Matt Hendricks.
10:13 of 3rd period - Casey Cizikas wins face-off versus Carl Hagelin in Flyers zone.
10:13 of 3rd period - Casey Cizikas is hit by Nick Foligno.
10:16 of 3rd period - Icing by Shawn Matthias.
10:17 of 3rd period - Casey Cizikas wins face-off versus Leo Komarov in Flyers zone.
10:17 of 3rd period - Casey Cizikas is hit by Leo Komarov.
10:32 of 3rd period - Leo Komarov is hit by Clayton Stoner and loses puck.
10:43 of 3rd period - Shot by Leo Komarov.
10:43 of 3rd period - Shot Misses the Net.
10:45 of 3rd period - Shot by Leo Komarov.
10:45 of 3rd period - Shot Misses the Net.
11:26 of 3rd period - Michael Frolik is hit by Clayton Stoner and loses puck.
12:38 of 3rd period - Brad Richardson is hit by Andrew MacDonald and loses puck.
14:05 of 3rd period - Icing by Ben Hutton.
14:06 of 3rd period - Chris VandeVelde wins face-off versus Michael Frolik in Flyers zone.
14:06 of 3rd period - Chris VandeVelde is hit by Michael Frolik.
14:22 of 3rd period - Shot by Shawn Matthias.
14:22 of 3rd period - Shot Misses the Net.
15:04 of 3rd period - Shot by Marcus Johansson.
15:04 of 3rd period - Shot Misses the Net.
15:11 of 3rd period - Kyle Quincey is hit by Brooks Orpik and loses puck.
15:20 of 3rd period - Shot by Nick Foligno.
15:20 of 3rd period - Stopped by Chad Johnson without a rebound.
15:21 of 3rd period - Lee Stempniak wins face-off versus Jean-Gabriel Pageau in Flyers zone.
15:40 of 3rd period - Leo Komarov is hit by Joel Ward and loses puck.
15:49 of 3rd period - Shot by Joel Ward.
15:49 of 3rd period - Deflect By Jean-Gabriel Pageau.
15:49 of 3rd period - Shot Misses the Net.
15:57 of 3rd period - Shot by Andre Burakovsky.
15:57 of 3rd period - Shot Blocked by Dustin Byfuglien.
16:15 of 3rd period - Icing by Jean-Gabriel Pageau.
16:16 of 3rd period - Bryan Little wins face-off versus Jean-Gabriel Pageau in Flyers zone.
16:28 of 3rd period - Andrew MacDonald is hit by Ron Hainsey and loses puck.
16:46 of 3rd period - Minor Penalty to Ron Hainsey for Hooking.
16:47 of 3rd period - Brian Boyle wins face-off versus Marcus Johansson in Hurricanes zone.
18:28 of 3rd period - Shot by Lee Stempniak.
18:28 of 3rd period - Stopped by Chad Johnson without a rebound.
18:29 of 3rd period - Brad Richardson wins face-off versus Marcus Johansson in Flyers zone.
19:00 of 3rd period - Icing by Brooks Orpik.
19:01 of 3rd period - Casey Cizikas wins face-off versus Nick Foligno in Flyers zone.
19:03 of 3rd period - Brian Gionta is hit by Nick Foligno and loses puck.
Goals for this period are 1 for Hurricanes vs 0 for Flyers.
Shots for this period are 14 for Hurricanes vs 2 for Flyers.

Overtime #1


0:01 of 1st overtime period - Jean-Gabriel Pageau wins face-off versus Bryan Little in neutral zone.
0:03 of 1st overtime period - Off-side.
0:04 of 1st overtime period - Bryan Little wins face-off versus Marcus Johansson in neutral zone.
0:09 of 1st overtime period - Shot by Bryan Little.
0:09 of 1st overtime period - Shot Misses the Net.
0:11 of 1st overtime period - Shot by Ron Hainsey.
0:11 of 1st overtime period - Shot Misses the Net.
0:23 of 1st overtime period - Shot by Bryan Little.
0:23 of 1st overtime period - Goal by Bryan Little - Hurricanes : 3 - Flyers : 2.
Goals for this period are 1 for Hurricanes vs 0 for Flyers.
Shots for this period are 1 for Hurricanes vs 0 for Flyers.